NCAA
TEXAS CHRISTIAN HORNED FROGS @ MICHIGAN STATE SPARTANS
04/04/2028
 
TOP OF THE 1ST
Texas Christian Horned Frogs batting - Pitching for Michigan State Spartans : LHP Dan George
Pitching: LHP Dan George
Batting: RHB Eric Adams 0-0: Foul Ball, location: 2F
0-1: Ball
1-1: Ground out 6-3 (Groundball, 6)
Batting: SHB Ron Winston 0-0: Called Strike
0-1: Ball
1-1: Ball
2-1: SINGLE (Line Drive, 6)
Batting: LHB Todd Gilliam 0-0: Called Strike
0-1: Ball
1-1: Ball
2-1: Foul Ball, location: 2F
2-2: Ball
3-2: Base on Balls
Ron Winston to second
Batting: RHB Brad Ravenshaw 0-0: Ball
1-0: Ball
2-0: Foul Ball, location: 2F
2-1: Called Strike
2-2: Fly out, F4 (Flyball, 34D)
Batting: RHB Jeff Byford 0-0: Ball
1-0: Foul Ball, location: 2F
1-1: Ball
2-1: Ball
3-1: Called Strike
3-2: SINGLE (Groundball, 34D)
Ron Winston to third
Todd Gilliam to second
Ron Winston scores
Todd Gilliam to third
Batting: RHB Stan Webb 0-0: Swinging Strike
0-1: Ball
1-1: Ball
2-1: Foul Ball, location: 2F
2-2: Ball
3-2: Base on Balls
Jeff Byford to second
Batting: LHB Axel Hall 0-0: Foul Ball, location: 2F
0-1: Ball
1-1: Ball
2-1: Foul Ball, location: 2F
2-2: Strikes out swinging
Top of the 1st over - 1 run(s), 2 hit(s), 0 error(s), 3 left on base; Texas Christian 1 - Michigan State 0
BOTTOM OF THE 1ST
Michigan State Spartans batting - Pitching for Texas Christian Horned Frogs : RHP Millard Ashe
Pitching: RHP Millard Ashe
Batting: SHB Joe Emery 0-0: Ball
1-0: Ball
2-0: Called Strike
2-1: Called Strike
2-2: Ball
3-2: SINGLE (Popup, 5D)
Batting: LHB Norberto Garza 0-0: Ball
1-0: Ball
2-0: Ball
3-0: Called Strike
3-1: Foul Ball, location: 2F
3-2: Fly out, F7 (Line Drive, 78M)
Batting: LHB Cliff Mills 0-0: Ball
1-0: Foul Ball, location: 2F
1-1: Ball
Throwing error on steal attempt, E2
Joe Emery to third
2-1: Ball
3-1: Base on Balls
Batting: LHB Aaron Aguirre 0-0: Ball
1-0: Called Strike
1-1: Ball
2-1: Swinging Strike
2-2: Reached via error on a dropped throw, E6
Joe Emery scores
Cliff Mills to second
Batting: LHB Gabriel Estrada 0-0: Ball
1-0: Foul Ball, location: 2F
1-1: Grounds into double play, 4-6-3 (Groundball, 4)
Bottom of the 1st over - 1 run(s), 1 hit(s), 2 error(s), 1 left on base; Texas Christian 1 - Michigan State 1
TOP OF THE 2ND
Texas Christian Horned Frogs batting - Pitching for Michigan State Spartans : LHP Dan George
Batting: RHB Parker Gonzáles 0-0: Ball
1-0: Ball
2-0: Called Strike
2-1: Foul Ball, location: 2F
2-2: Ball
3-2: Strikes out swinging
Batting: SHB Pete Fields 0-0: Fly out, F6 (Popup, 6D)
Batting: RHB Eric Adams 0-0: Foul Ball, location: 2F
0-1: Ball
1-1: Called Strike
1-2: Foul Ball, location: 2F
1-2: Ball
2-2: Ball
3-2: SINGLE (Line Drive, 6D)
Batting: SHB Ron Winston 0-0: Swinging Strike
0-1: Swinging Strike
0-2: Ball
1-2: Ball
2-2: Ball
3-2: Fly out, F5 (Line Drive, 56)
Top of the 2nd over - 0 run(s), 1 hit(s), 0 error(s), 1 left on base; Texas Christian 1 - Michigan State 1
BOTTOM OF THE 2ND
Michigan State Spartans batting - Pitching for Texas Christian Horned Frogs : RHP Millard Ashe
Batting: LHB Chris Gibson 0-0: Ground out 6-3 (Groundball, 6M)
Batting: RHB Ryan Fullerton 0-0: Called Strike
0-1: Swinging Strike
0-2: Ball
1-2: Strikes out looking
Batting: RHB Bob Watson 0-0: Fly out, F5 (Popup, 5L)
Bottom of the 2nd over - 0 run(s), 0 hit(s), 0 error(s), 0 left on base; Texas Christian 1 - Michigan State 1
TOP OF THE 3RD
Texas Christian Horned Frogs batting - Pitching for Michigan State Spartans : LHP Dan George
Batting: LHB Todd Gilliam 0-0: Ball
1-0: Ball
2-0: Called Strike
2-1: Ground out 6-3 (Groundball, 6S)
Batting: RHB Brad Ravenshaw 0-0: Called Strike
0-1: Fly out, F8 (Flyball, 8RD)
Batting: RHB Jeff Byford 0-0: Ball
1-0: Fly out, F4 (Popup, 3D)
Top of the 3rd over - 0 run(s), 0 hit(s), 0 error(s), 0 left on base; Texas Christian 1 - Michigan State 1
BOTTOM OF THE 3RD
Michigan State Spartans batting - Pitching for Texas Christian Horned Frogs : RHP Millard Ashe
Batting: RHB Chris Marshall 0-0: Ball
1-0: Called Strike
1-1: Swinging Strike
1-2: Strikes out swinging
Batting: SHB Joe Emery 0-0: Ball
1-0: Ball
2-0: Ball
3-0: Base on Balls
Batting: LHB Norberto Garza 0-0: Ball
1-0: Ball
2-0: TRIPLE (Line Drive, 8LM)
Joe Emery scores
Batting: LHB Cliff Mills 0-0: Ball
1-0: Fly out, F9 (Flyball, 89S)
Batting: LHB Aaron Aguirre 0-0: Ball
1-0: Foul Ball, location: 2F
1-1: Foul Ball, location: 2F
1-2: Ball
2-2: Foul Ball, location: 2F
2-2: SINGLE (Line Drive, 4D)
Norberto Garza scores
Batting: LHB Gabriel Estrada 0-0: Called Strike
0-1: Fly out, F7 (Line Drive, 78M)
Bottom of the 3rd over - 2 run(s), 2 hit(s), 0 error(s), 1 left on base; Texas Christian 1 - Michigan State 3
TOP OF THE 4TH
Texas Christian Horned Frogs batting - Pitching for Michigan State Spartans : LHP Dan George
Batting: RHB Stan Webb 0-0: Called Strike
0-1: Foul Ball, location: 2F
0-2: Foul Ball, location: 2F
0-2: Ball
1-2: Ball
2-2: Foul Ball, location: 2F
2-2: SINGLE (Line Drive, 89M)
Batting: LHB Axel Hall 0-0: Called Strike
0-1: Foul Ball, location: 2F
0-2: SINGLE (Line Drive, 8LS)
Stan Webb to second
Batting: RHB Parker Gonzáles 0-0: Ball
1-0: Ball
2-0: Swinging Strike
2-1: Ground out 6-3 (Groundball, 6S)
Stan Webb to third
Axel Hall to second
Batting: SHB Pete Fields 0-0: Ball
1-0: Ball
2-0: Foul Ball, location: 2F
2-1: Fly out, F9 (Flyball, 9S)
Pitching: RHP Cory Hopper
Batting: RHB Eric Adams 0-0: Foul Ball, location: 2F
0-1: Ball
1-1: Ball
2-1: Ball
3-1: Base on Balls
Batting: SHB Ron Winston 0-0: Ball
Wild Pitch!
Stan Webb scores
Axel Hall to third
Eric Adams to second
1-0: Called Strike
1-1: Ball
2-1: Ball
3-1: Base on Balls
Batting: LHB Todd Gilliam 0-0: Called Strike
0-1: Called Strike
0-2: Strikes out swinging
Top of the 4th over - 1 run(s), 2 hit(s), 0 error(s), 3 left on base; Texas Christian 2 - Michigan State 3
BOTTOM OF THE 4TH
Michigan State Spartans batting - Pitching for Texas Christian Horned Frogs : RHP Millard Ashe
Batting: LHB Chris Gibson 0-0: Fly out, F8 (Flyball, 78M)
Batting: RHB Ryan Fullerton 0-0: Foul Ball, location: 2F
0-1: Ball
1-1: Fly out, F9 (Flyball, 9LM)
Batting: RHB Bob Watson 0-0: Fly out, F8 (Flyball, 89S)
Bottom of the 4th over - 0 run(s), 0 hit(s), 0 error(s), 0 left on base; Texas Christian 2 - Michigan State 3
TOP OF THE 5TH
Texas Christian Horned Frogs batting - Pitching for Michigan State Spartans : RHP Cory Hopper
Batting: RHB Brad Ravenshaw 0-0: Called Strike
0-1: Ball
1-1: Called Strike
1-2: Foul Ball, location: 2F
1-2: Foul Ball, location: 2F
1-2: Strikes out swinging
Batting: RHB Jeff Byford 0-0: Ball
1-0: Called Strike
1-1: Swinging Strike
1-2: Ball
2-2: Ball
3-2: Base on Balls
Batting: RHB Stan Webb 0-0: SINGLE (Line Drive, 8RS)
Jeff Byford to second
Batting: LHB Axel Hall 0-0: Foul Ball, location: 2F
0-1: Ball
1-1: Foul Ball, location: 2F
1-2: Ball
2-2: Ball
3-2: Base on Balls
Jeff Byford to third
Stan Webb to second
Batting: RHB Parker Gonzáles 0-0: Ball
1-0: Foul Ball, location: 2F
1-1: Foul Ball, location: 2F
1-2: Ball
2-2: Reached on error, E3 (Groundball, 3)
Jeff Byford scores
Stan Webb to third
Axel Hall to second
Batting: SHB Pete Fields 0-0: Ball
1-0: Ball
2-0: Called Strike
2-1: Ball
3-1: Foul Ball, location: 2F
3-2: Foul Ball, location: 2F
3-2: Ground out 6-3 (Groundball, 56D)
Stan Webb scores
Axel Hall to third
Parker Gonzáles to second
Pitching: LHP Carlos Martínez
Batting: RHB Eric Adams 0-0: Called Strike
0-1: SINGLE (Flyball, 8LS)
Axel Hall scores
Parker Gonzáles to third
Runner from 3rd tries for Home, SAFE, no throw
Batting: SHB Ron Winston 0-0: Ball
1-0: Ball
2-0: Called Strike
2-1: SINGLE (Groundball, 34) (infield hit)
Eric Adams to second
Batting: LHB Todd Gilliam 0-0: Ball
1-0: Swinging Strike
1-1: Swinging Strike
1-2: Foul Ball, location: 2F
1-2: Strikes out swinging
Top of the 5th over - 4 run(s), 3 hit(s), 1 error(s), 2 left on base; Texas Christian 6 - Michigan State 3
BOTTOM OF THE 5TH
Michigan State Spartans batting - Pitching for Texas Christian Horned Frogs : RHP Millard Ashe
Batting: RHB Chris Marshall 0-0: Called Strike
0-1: Ball
1-1: Ball
2-1: Ball
3-1: Base on Balls
Batting: SHB Joe Emery 0-0: Ball
1-0: Called Strike
1-1: Reached on error, E4 (Groundball, 4)
Chris Marshall to second
Batting: LHB Norberto Garza 0-0: SINGLE (Groundball, 5D)
Chris Marshall to third
Joe Emery to second
Runner from 3rd tries for Home, SAFE, throw made at trailing runner, SAFE at third!
Batting: LHB Cliff Mills 0-0: Foul Ball, location: 2F
0-1: Foul Ball, location: 2F
0-2: SINGLE (Flyball, 7LM)
Joe Emery scores
Norberto Garza to second
Batting: LHB Aaron Aguirre 0-0: Foul Ball, location: 2F
0-1: Foul Ball, location: 2F
0-2: Fielders Choice at 2nd, 4-6 (Groundball, 34D)
Norberto Garza to third
Batting: LHB Gabriel Estrada 0-0: Fly out, F1 (Line Drive, 13)
Batting: LHB Chris Gibson 0-0: DOUBLE (Line Drive, 89D)
Norberto Garza scores
Aaron Aguirre to third
Runner from 3rd tries for Home, SAFE, no throw
Pitching: RHP Brian López
Batting: RHB Ryan Fullerton 0-0: Called Strike
0-1: 2-RUN HOME RUN (Flyball, 7LD), Distance : 334 ft
Batting: RHB Bob Watson 0-0: Ball
1-0: Ball
2-0: Ball
3-0: Base on Balls
Batting: RHB Chris Marshall 0-0: Ball
1-0: Ball
2-0: Ball
3-0: Base on Balls
Bob Watson to second
Batting: SHB Joe Emery 0-0: Foul Ball, location: 2F
0-1: Ball
1-1: Swinging Strike
1-2: Strikes out swinging
Bottom of the 5th over - 6 run(s), 4 hit(s), 1 error(s), 2 left on base; Texas Christian 6 - Michigan State 9
TOP OF THE 6TH
Texas Christian Horned Frogs batting - Pitching for Michigan State Spartans : LHP Carlos Martínez
Batting: RHB Brad Ravenshaw 0-0: Single, Error in OF, E7, batter to second base
Batting: RHB Jeff Byford 0-0: Called Strike
0-1: Ball
1-1: Ball
2-1: Ball
3-1: Fly out, F7 (Flyball, 7)
Batting: RHB Stan Webb 0-0: Ground out 4-3 (Groundball, 4)
Brad Ravenshaw to third
Batting: LHB Axel Hall 0-0: Ball
1-0: Ball
2-0: Swinging Strike
2-1: Called Strike
2-2: Ball
3-2: Foul Ball, location: 2F
3-2: Base on Balls
Batting: RHB Parker Gonzáles 0-0: Called Strike
0-1: Reached on error, E5 (Groundball, 56)
Brad Ravenshaw scores
Axel Hall to second
Pitching: LHP David Page
Batting: SHB Pete Fields 0-0: Fielders Choice at 2nd, 6-4 (Groundball, 6)
Top of the 6th over - 1 run(s), 1 hit(s), 2 error(s), 1 left on base; Texas Christian 7 - Michigan State 9
BOTTOM OF THE 6TH
Michigan State Spartans batting - Pitching for Texas Christian Horned Frogs : RHP Brian López
Batting: LHB Norberto Garza 0-0: Swinging Strike
0-1: Ball
1-1: Ball
2-1: Ground out 1-3 (Groundball, P)
Batting: LHB Cliff Mills 0-0: Ball
1-0: Ball
2-0: Ball
3-0: Called Strike
3-1: Base on Balls
Batting: LHB Aaron Aguirre 0-0: Ball
1-0: Ball
2-0: Ball
3-0: Called Strike
3-1: Swinging Strike
3-2: Base on Balls
Cliff Mills to second
Batting: LHB Gabriel Estrada 0-0: Ball
1-0: Fly out, F7 (Flyball, 7D)
Runner from 2nd tags up, SAFE at 3rd, no throw
Batting: LHB Chris Gibson 0-0: Ball
1-0: SINGLE (Flyball, 8LS)
Cliff Mills scores
Aaron Aguirre to second
Pitching: RHP Troy Perkins
Batting: RHB Ryan Fullerton 0-0: Ball
1-0: Swinging Strike
1-1: Foul Ball, location: 2F
1-2: Strikes out swinging
Bottom of the 6th over - 1 run(s), 1 hit(s), 0 error(s), 2 left on base; Texas Christian 7 - Michigan State 10
TOP OF THE 7TH
Texas Christian Horned Frogs batting - Pitching for Michigan State Spartans : LHP David Page
Batting: RHB Eric Adams 0-0: Ball
1-0: Fly out, F7 (Flyball, 78M)
Batting: SHB Ron Winston 0-0: Called Strike
0-1: Called Strike
0-2: Ball
1-2: Ball
2-2: Fly out, F8 (Flyball, 8LM)
Batting: LHB Todd Gilliam 0-0: Foul Ball, location: 2F
0-1: Ball
1-1: Hit by Pitch
Batting: RHB Brad Ravenshaw 0-0: Called Strike
Pickoff Throw by Catcher to First - Out!
Top of the 7th over - 0 run(s), 0 hit(s), 0 error(s), 0 left on base; Texas Christian 7 - Michigan State 10
BOTTOM OF THE 7TH
Michigan State Spartans batting - Pitching for Texas Christian Horned Frogs : RHP Troy Perkins
Batting: RHB Bob Watson 0-0: Foul Ball, location: 2F
0-1: Foul Ball, location: 2F
0-2: Strikes out looking
Batting: RHB Chris Marshall 0-0: Ball
1-0: Ground out 6-3 (Groundball, 6)
Batting: SHB Joe Emery 0-0: Foul Ball, location: 2F
0-1: Called Strike
0-2: Ball
1-2: Ball
2-2: Strikes out swinging
Bottom of the 7th over - 0 run(s), 0 hit(s), 0 error(s), 0 left on base; Texas Christian 7 - Michigan State 10
TOP OF THE 8TH
Texas Christian Horned Frogs batting - Pitching for Michigan State Spartans : LHP David Page
Batting: RHB Brad Ravenshaw 0-0: Called Strike
0-1: Foul Ball, location: 2F
0-2: Foul Ball, location: 2F
0-2: Foul Ball, location: 2F
0-2: Strikes out swinging
Batting: RHB Jeff Byford 0-0: Ball
1-0: Fly out, F2 (Popup, 23)
Batting: RHB Stan Webb 0-0: Ground out 6-3 (Groundball, 6)
Top of the 8th over - 0 run(s), 0 hit(s), 0 error(s), 0 left on base; Texas Christian 7 - Michigan State 10
BOTTOM OF THE 8TH
Michigan State Spartans batting - Pitching for Texas Christian Horned Frogs : RHP Troy Perkins
Batting: LHB Norberto Garza 0-0: Fly out, F8 (Flyball, 78XD)
Batting: LHB Cliff Mills 0-0: Called Strike
0-1: Ball
1-1: Ball
2-1: Foul Ball, location: 2F
2-2: Strikes out looking
Batting: LHB Aaron Aguirre 0-0: Ball
1-0: Ball
2-0: Foul Ball, location: 2F
2-1: Ball
3-1: Swinging Strike
3-2: Fly out, F3 (Line Drive, 3)
Bottom of the 8th over - 0 run(s), 0 hit(s), 0 error(s), 0 left on base; Texas Christian 7 - Michigan State 10
TOP OF THE 9TH
Texas Christian Horned Frogs batting - Pitching for Michigan State Spartans : LHP David Page
Pitching: RHP William Stevens
Now at 1B: Carlos Anaya
Batting: LHB Axel Hall 0-0: Ball
1-0: Ball
2-0: Ball
3-0: Base on Balls
Batting: RHB Parker Gonzáles 0-0: SINGLE (Flyball, 9S)
Axel Hall to second
Batting: SHB Pete Fields 0-0: Called Strike
0-1: Ball
1-1: Ball
2-1: Grounds into double play, 5-4-3 (Groundball, 5)
Axel Hall to third
Batting: RHB Eric Adams 0-0: Called Strike
0-1: Ball
1-1: Ball
2-1: Called Strike
2-2: Ball
3-2: Ground out 5-3 (Groundball, 5L)
Top of the 9th over - 0 run(s), 1 hit(s), 0 error(s), 1 left on base; Texas Christian 7 - Michigan State 10
Tuesday, August 8th, 2017 - OOTP Baseball 17.12 Build 75